 Dungeon Crawl Stone Soup version 0.22-a0-305-gd21a89c (webtiles) character file.

196032 Kidiri the Eclecticist (level 18, -7/105 HPs)
             Began as a Deep Elf Fire Elementalist on Mar 29, 2018.
             Was a High Priest of Vehumet.
             Engulfed by a frost giant's freezing vapour (17 damage)
             ... on level 4 of the Shoals on Mar 30, 2018.
             The game lasted 02:40:07 (48756 turns).

Kidiri the Eclecticist (DEFE)                      Turns: 48756, Time: 02:40:08

Health: -7/105     AC: 16    Str:  7    XL:     18   Next: 14%
Magic:  5/43       EV: 25    Int: 31    God:    Vehumet [*****.]
Gold:   1187       SH: 10    Dex: 18    Spells: 18/56 levels left

rFire    + . .     SeeInvis .   L - +10 falchion of Beogh {slice, rPois Dex+3}
rCold    . . .     Gourm    .   h - +0 shield {reflect}
rNeg     . . .     Faith    .   V - +1 robe "Myless" {rElec MR+}
rPois    +         Spirit   .   G - +2 hat
rElec    +         Reflect  +   i - +1 cloak of Starlight {rElec rC+ EV+4 Stlth--}
rCorr    .         Harm     .   P - +2 pair of gloves
MR       ++...                  z - +3 pair of boots of Zem Busi {Stlth+}
Stlth    +.........             (no amulet)
HPRegen  0.27/turn              q - +2 ring of intelligence
MPRegen  0.28/turn              F - ring of fire

@: about to teleport, very slightly contaminated, very slow
A: horns 1, repulsion field 1, camouflage 1, strong 1
a: Renounce Religion


You were on level 4 of the Shoals.
You worshipped Vehumet.
Vehumet was extremely pleased with you.
You were not hungry.

You visited 6 branches of the dungeon, and saw 31 of its levels.
You also visited: Ossuary and Ice Cave.

You collected 3109 gold pieces.
You spent 1922 gold pieces at shops.

Inventory:

Hand Weapons
 t - a +8 dagger of venom
 L - the +10 falchion of Beogh (weapon) {slice, rPois Dex+3}
   (You found it on level 15 of the Dungeon)

   It inflicts extra damage upon your enemies.
   It affects your dexterity (+3).
   It protects you from poison.
Armour
 h - a +0 shield of reflection (worn)
 i - the +1 cloak of Starlight (worn) {rElec rC+ EV+4 Stlth--}
   (You found it on level 1 of the Lair of Beasts)

   It affects your evasion (+4).
   It protects you from cold.
   It insulates you from electricity.
   It makes you much less stealthy.
 s - a +2 large shield
 z - the +3 pair of boots of Zem Busi (worn) {Stlth+}
   (You bought it in a shop on level 2 of the Orcish Mines)

   It makes you more stealthy.
 G - a +2 hat (worn)
 P - a +2 pair of gloves (worn)
 V - the +1 robe "Myless" (worn) {rElec MR+}
   (You found it on level 1 of the Snake Pit)

   It insulates you from electricity.
   It affects your resistance to hostile enchantments.
Jewellery
 e - an uncursed ring of protection from cold
 j - a +3 ring of protection
 q - a +2 ring of intelligence (left hand)
 y - an uncursed ring of positive energy
 B - an uncursed ring of flight
 F - a ring of fire (right hand)
 H - an uncursed ring of magical power
 O - an uncursed ring of see invisible
 X - an uncursed ring of protection from magic
 Z - a +4 ring of strength
Wands
 l - a wand of paralysis (14)
 v - a wand of scattershot (7)
 Q - a wand of acid (6)
 R - a wand of iceblast (22)
 S - a wand of digging (38)
 W - a wand of clouds (10)
Scrolls
 b - 15 scrolls of remove curse
 d - 2 scrolls of vulnerability
 g - 5 scrolls of identify
 k - 2 scrolls of torment
 m - a scroll of enchant weapon
 n - 8 scrolls of amnesia
 o - 8 scrolls of teleportation
 p - 6 scrolls of immolation
 r - 6 scrolls of fear
 x - 9 scrolls of magic mapping
 D - a scroll of brand weapon
 E - a scroll of summoning
Potions
 a - 4 potions of resistance
 f - 3 potions of lignification
 u - 2 potions of mutation
 w - 3 potions of ambrosia
 A - 2 potions of brilliance
 C - 3 potions of haste
 J - 5 potions of agility
 K - 3 potions of berserk rage
 M - 2 potions of might
 T - 4 potions of flight
 U - a potion of invisibility
Comestibles
 c - 28 rations
 I - 6 chunks of flesh


   Skills:
 + Level 9.3 Fighting
 - Level 9.1 Short Blades
 + Level 9.3 Armour
 - Level 11.0 Dodging
 - Level 2.4 Stealth
 + Level 8.2 Shields
 * Level 19.7 Spellcasting
 + Level 12.7 Conjurations
 + Level 13.0 Fire Magic
 + Level 7.3 Ice Magic
 + Level 6.2 Air Magic
 + Level 2.2 Earth Magic
 + Level 7.6 Poison Magic


You had 18 spell levels left.
You knew the following spells:

 Your Spells              Type           Power        Failure   Level  Hunger
a - Flame Tongue          Conj/Fire      #####        0%          1    None
b - Throw Flame           Conj/Fire      ######       0%          2    None
c - Conjure Flame         Conj/Fire      ########     1%          3    None
d - Inner Flame           Hex/Fire       #######.     1%          3    None
e - Ignite Poison         Fire/Tmut/Pois #######.     1%          3    None
f - Sticky Flame          Conj/Fire      ########     1%          4    None
g - Fireball              Conj/Fire      ########..   1%          5    None
h - Bolt of Magma         Conj/Fire/Erth #######...   1%          5    None
i - Throw Icicle          Conj/Ice       #######.     1%          4    None
j - Mephitic Cloud        Conj/Pois/Air  ######..     1%          3    None
k - Venom Bolt            Conj/Pois      #######...   1%          5    None


Dungeon Overview and Level Annotations

Branches:
Dungeon (15/15)            Temple (1/1) D:7            Lair (6/6) D:8
 Shoals (4/4) Lair:2        Snake (3/4) Lair:2        Slime (0/5) Lair:5
    Orc (2/2) D:11            Elf (0/3) Orc:2        Vaults (0/5) D:14
 Depths (0/5) D:15

Altars:
Ashenzari
Cheibriados
Dithmenos
Elyvilon
Fedhas
Gozag
Hepliaklqana
Kikubaaqudgha
Makhleb
Nemelex Xobeh
Okawaru
Qazlal
Ru
Sif Muna
Trog
Uskayaw
Vehumet
Wu Jian
Xom
Yredelemnul
Zin
The Shining One

Shops:
D:4 [   D:5 *   D:6 *   D:7 }   Orc:2 ?*!*   Shoals:1 ?


Innate Abilities, Weirdness & Mutations

You have a pair of small horns on your head.
You are surrounded by a mild repulsion field. (EV +2)
Your skin changes colour to match your surroundings (Stealth+).
Your muscles are strong. (Str +2)


Message History

The merfolk javelineer hits you from afar with a spear of venom!
Casting: Bolt of Magma (safe; 1% risk of failure)
Confirm with . or Enter, or press ? or * to list all spells.
Aiming: Flame Tongue (safe; 0% risk of failure)
Press: ? - help, Shift-Dir - straight line, f/p - merfolk javelineer
Aim: a merfolk javelineer, wielding a spear of venom and wearing a ring mail (almost dead)
You feel a surge of power!
The flame tongue misses the merfolk javelineer.
The merfolk javelineer is engulfed in a cloud of scalding steam.
You kill the merfolk javelineer!
Vehumet accepts your kill.
You feel your power returning.
You hear a splash. x4
The frost giant points at you and mumbles some strange words.
The bolt of cold hits you!
* * * LOW HITPOINT WARNING * * *
Unknown command.
As you read the scroll of teleportation, it crumbles to dust.
You feel strangely unstable.
You are engulfed in freezing vapours.
You die...

≈≈≈≈≈≈≈≈≈..≈P≈...P≈≈≈≈≈≈≈)÷).≈≈≈≈
≈≈≈≈..P......P≈≈≈≈≈≈≈≈≈≈≈≈≈.≈≈≈≈≈
≈≈P≈.....P...≈PP≈≈≈≈≈≈≈≈≈≈≈≈≈≈≈≈≈
≈?≈P......()[≈≈)≈≈≈≈≈C≈≈≈≈≈≈≈≈≈≈≈
≈≈P...[....)≈(..≈≈≈≈§≈≈≈≈≈≈≈≈≈≈≈≈
≈PP≈.......≈)≈P.P≈≈§≈≈≈≈≈≈≈≈≈≈≈≈≈
≈≈≈P≈....≈(†≈P≈(P≈§≈≈≈≈≈.≈≈≈≈≈≈≈.
≈..§≈≈≈≈≈≈≈≈§≈≈≈≈≈≈..≈≈≈.≈.≈
≈.≈(≈≈≈≈≈§§@≈(≈≈≈≈≈≈≈≈..###.
≈≈≈≈≈≈≈≈≈[≈≈≈.≈≈≈≈≈≈....# #.
≈≈≈≈≈≈≈≈≈≈≈≈≈≈≈≈≈≈≈....)####
≈≈≈≈≈≈≈≈≈≈≈≈≈≈≈≈≈≈≈≈.....##.
≈≈≈≈≈≈≈≈≈≈≈≈≈≈≈≈≈≈≈≈≈≈≈≈....
≈≈≈≈≈≈≈≈≈≈≈≈≈≈≈≈≈≈≈≈≈≈≈≈..≈≈
≈≈≈≈≈≈≈≈≈≈≈≈≈≈≈≈≈≈≈≈≈≈<..≈≈≈
≈≈≈≈≈≈≈≈≈≈≈≈≈≈≈≈≈≈≈≈≈≈.≈≈≈≈
≈≈≈≈≈≈≈≈≈≈≈≈≈≈≈≈≈≈≈≈≈≈≈≈≈≈


You could see a frost giant.

Vanquished Creatures
  Jorgrun (Snake:3)
  Gastronok (Lair:3)
  Donald (Snake:3)
  3 nagarajas
  Aizul (Snake:1)
  An orc warlord (Orc:2)
  The ghost of vishdafish the Orderly, a journeyman DsFi of Makhleb (Lair:1)
  3 merfolk javelineers
  A dire elephant (Lair:6)
  5 merfolk impalers
  An ettin (D:15)
  Erolcha (D:12)
  8 vault guards (D:14)
  Harold (D:10)
  9 hydras
  Fannar (D:11)
  3 merfolk avatars (Shoals:3)
  17 naga warriors
  The ghost of xccam the Carver, a journeyman FoFi of Cheibriados (Lair:2)
  An alligator snapping turtle (Shoals:4)
  3 two-headed ogres
  7 anacondas
  2 death knights
  3 centaur warriors
  3 catoblepae (Lair:6)
  5 merfolk aquamancers
  A satyr (Shoals:3)
  11 death yaks
  3 tengu warriors
  17 naga sharpshooters
  3 orc high priests (Orc:2)
  8 shock serpents
  Nergalle (D:11)
  A salamander mystic (Snake:1)
  4 naga ritualists
  A skeletal warrior (D:13)
  The ghost of xccam the Carver, a novice FoFi of Cheibriados (D:7)
  7 sea snakes
  An unseen horror (D:15)
  Pikel (D:9)
  2 wizards (D:15)
  4 lindwurms (D:13)
  5 orc knights
  12 harpies
  7 ugly things
  5 oklob plants (Lair:5)
  3 mana vipers
  5 orc sorcerers
  15 fauns
  12 cyclopes
  2 deep elf magi
  Joseph (D:15)
  11 manticores
  6 salamanders
  Maurice (Orc:2)
  8 merfolk sirens
  35 black mambas
  11 naga magi
  10 guardian serpents
  7 spiny frogs
  8 elephants
  3 ice statues (IceCv)
  2 water nymphs
  2 gargoyles
  7 komodo dragons
  A freezing wraith (D:14)
  4 rime drakes
  17 merfolk
  A wind drake (Shoals:2)
  3 meliai (D:14)
  A hornet (Lair:3)
  3 trolls
  Grinder (D:3)
  Prince Ribbit (D:5)
  10 dream sheep
  15 blink frogs
  7 snapping turtles
  9 slime creatures
  9 hippogriffs
  A shadow (D:15)
  7 wraiths
  11 water elementals
  27 yaks
  Sigmund (D:2)
  Eustachio (D:5)
  A human (D:11)
  3 wyverns
  A basilisk (Lair:2)
  2 hungry ghosts
  2 vampire mosquitoes (D:15)
  Edmund (D:5)
  2 wargs (Orc:2)
  38 nagas
  2 hell hounds (D:8)
  15 water moccasins
  14 porcupines
  Duvessa (D:5)
  2 sky beasts
  28 orc warriors
  A phantom (D:6)
  4 slaves (D:9)
  A black bear (shapeshifter) (D:14)
  2 black bears
  3 necrophages
  10 ice beasts
  11 ogres
  4 boggarts (D:15)
  18 centaurs
  11 crocodiles
  26 wolves
  10 bullfrogs
  A big kobold (D:7)
  A water moccasin zombie (D:8)
  A wyvern zombie (D:12)
  7 scorpions
  A wyvern skeleton (D:12)
  Dowan (D:5)
  6 killer bees (D:11)
  20 wights
  2 electric eels (D:6)
  2 howler monkeys
  A bullfrog zombie (D:8)
  5 crimson imps
  2 quasits
  2 bullfrog skeletons
  2 human zombies (D:8)
  3 centaur zombies
  3 hounds
  26 orc priests
  A gnoll shaman (D:6)
  3 jellies
  Crazy Yiuf (D:5)
  20 orc wizards
  2 centaur skeletons
  Jessica (D:2)
  Ijyb (D:3)
  Natasha (thrice) (D:3)
  4 iguanas
  12 worker ants
  A statue (D:9)
  A big kobold zombie (Ossuary)
  11 mummies
  A howler monkey zombie (D:9)
  A worker ant zombie (D:11)
  12 gnolls
  A howler monkey skeleton (D:8)
  10 adders
  5 shadow imps
  An ooze (D:6)
  A worm (D:4)
  2 dart slugs
  4 leopard geckos
  96 orcs
  6 giant cockroaches
  6 goblins
  9 hobgoblins
  7 jackals
  11 kobolds
  4 quokkas
  7 ball pythons
  6 bats
  5 frilled lizards
  A gnoll zombie (Ossuary)
  A hobgoblin zombie (Ossuary)
  A jackal skeleton (D:8)
  3 kobold zombies (Ossuary)
  2 leopard gecko skeletons
  2 orc zombies
  13 rats
  A spectral orc (D:7)
  30 plants
1067 creatures vanquished.

Vanquished Creatures (others)
  A merfolk (Shoals:4)
  An orc (D:11)
  23 fungi
  47 plants
72 creatures vanquished.

Grand Total: 1139 creatures vanquished

Notes
Turn   | Place    | Note
-------+----------+-------------------------------------------
     0 | D:1      | Kidiri the Deep Elf Fire Elementalist began the quest for the Orb.
     0 | D:1      | Reached XP level 1. HP: 10/10 MP: 6/6
   229 | D:1      | Reached XP level 2. HP: 7/15 MP: 1/8
   487 | D:1      | Learned a level 2 spell: Throw Flame
  1007 | D:2      | Reached skill level 4 in Spellcasting
  1007 | D:2      | Reached XP level 3. HP: 2/19 MP: 2/10
  1316 | D:1      | Learned a level 3 spell: Conjure Flame
  1323 | D:1      | Learned a level 3 spell: Inner Flame
  1745 | D:2      | Noticed Jessica
  1753 | D:2      | Killed Jessica
  1753 | D:2      | Reached XP level 4. HP: 24/24 MP: 4/12
  1843 | D:2      | Noticed Sigmund
  2295 | D:2      | Reached skill level 5 in Spellcasting
  2527 | D:2      | Learned a level 4 spell: Sticky Flame
  2604 | D:2      | Killed Sigmund
  2604 | D:2      | Reached skill level 6 in Spellcasting
  2604 | D:2      | Reached XP level 5. HP: 26/28 MP: 3/15
  2604 | D:2      | Reached XP level 6. HP: 29/32 MP: 3/17
  2937 | D:3      | Noticed Grinder
  2953 | D:3      | Killed Grinder
  2953 | D:3      | Reached skill level 7 in Spellcasting
  2953 | D:3      | Reached skill level 5 in Fire Magic
  3152 | D:3      | Learned a level 5 spell: Fireball
  3192 | D:3      | Noticed Natasha
  3197 | D:3      | Killed Natasha
  3197 | D:3      | Reached XP level 7. HP: 27/36 MP: 15/20
  3314 | D:3      | Noticed Natasha
  3318 | D:3      | Killed Natasha
  3954 | D:3      | Gained mutation: You tend to lose your temper in combat. [potion of mutation]
  3954 | D:3      | Gained mutation: You are surrounded by a mild repulsion field. (EV +2) [potion of mutation]
  3954 | D:3      | Gained mutation: Your skin changes colour to match your surroundings (Stealth+). [potion of mutation]
  3954 | D:3      | Gained mutation: Your mind is acute. (Int +2) [potion of mutation]
  3970 | D:3      | Noticed Ijyb
  3979 | D:3      | Killed Ijyb
  4221 | D:3      | Noticed Natasha
  4225 | D:3      | Killed Natasha
  4463 | D:4      | Reached skill level 1 in Fighting
  4463 | D:4      | Reached skill level 1 in Short Blades
  4463 | D:4      | Reached skill level 8 in Spellcasting
  4646 | D:4      | Reached skill level 1 in Armour
  4759 | D:4      | Found Buiplum's Antique Armour Shoppe.
  4778 | D:4      | Reached XP level 8. HP: 33/43 MP: 11/22
  5217 | D:5      | Entered Level 5 of the Dungeon
  5270 | D:5      | Got a fine scale mail
  5281 | D:5      | Noticed Duvessa
  5281 | D:5      | Noticed Dowan
  5283 | D:5      | Killed Dowan
  5288 | D:5      | Killed Duvessa
  5321 | D:5      | Found a blossoming altar of Fedhas.
  5362 | D:5      | Found Zin's Purification Station.
  5365 | D:5      | Found a glowing silver altar of Zin.
  5396 | D:5      | Noticed Eustachio
  5405 | D:5      | Killed Eustachio
  5405 | D:5      | Reached skill level 9 in Spellcasting
  5567 | D:5      | Found a sand-covered staircase.
  5576 | Ossuary  | Entered an ossuary
  5720 | Ossuary  | Reached skill level 5 in Conjurations
  5988 | D:5      | Found a runed door.
  6071 | D:5      | Identified the +3 scale mail of Gois {MR+} (You found it on level 5 of the Dungeon)
  6086 | D:5      | Noticed Edmund
  6096 | D:5      | Killed Edmund
  6534 | D:5      | Noticed Crazy Yiuf
  6537 | D:5      | Killed Crazy Yiuf
  6734 | D:6      | Reached XP level 9. HP: 36/49 MP: 1/24
  6904 | D:6      | Noticed Prince Ribbit
  6911 | D:5      | Killed Prince Ribbit
  7102 | D:6      | Reached skill level 10 in Spellcasting
  7309 | D:6      | Found Egoc's Assorted Antiques.
  7321 | D:6      | Bought an ancient whip for 240 gold pieces
  7331 | D:6      | Identified the cursed +1 whip of the Wasp {speed, Dex+8 Stlth+} (You bought it in a shop on level 6 of the Dungeon)
  7351 | D:6      | Reached skill level 5 in Dodging
  7986 | D:7      | Noticed xccam's ghost (novice FoFi)
  7996 | D:7      | Killed xccam's ghost
  8119 | D:7      | Found a staircase to the Ecumenical Temple.
  8128 | Temple   | Entered the Ecumenical Temple
  8187 | D:7      | Found Yhu Lea's Gadget Shoppe.
  8201 | D:7      | Found a shimmering altar of Xom.
  8221 | D:7      | Found an ancient bone altar of Kikubaaqudgha.
  8223 | D:7      | Found a bloodstained altar of Trog.
  8224 | D:7      | Found a glowing golden altar of the Shining One.
  8465 | D:7      | Reached skill level 11 in Spellcasting
  8465 | D:7      | Reached XP level 10. HP: 53/56 MP: 20/27
  8599 | D:7      | Found a basalt altar of Yredelemnul.
  9279 | D:7      | Found a white marble altar of Elyvilon.
  9420 | D:8      | Found a staircase to the Lair.
  9869 | D:8      | Found a shattered altar of Ashenzari.
 10835 | D:8      | Found an ancient bone altar of Kikubaaqudgha.
 11947 | Lair:1   | Entered Level 1 of the Lair of Beasts
 11961 | Lair:1   | Lost mutation: You tend to lose your temper in combat. [potion of mutation]
 11961 | Lair:1   | Lost mutation: Your mind is acute. (Int +2) [potion of mutation]
 11961 | Lair:1   | Gained mutation: You occasionally shout uncontrollably at your foes. [potion of mutation]
 11961 | Lair:1   | Lost mutation: You occasionally shout uncontrollably at your foes. [potion of mutation]
 11961 | Lair:1   | Gained mutation: You have a pair of small horns on your head. [potion of mutation]
 11961 | Lair:1   | Gained mutation: Your muscles are strong. (Str +2) [potion of mutation]
 12176 | Lair:1   | Reached skill level 5 in Short Blades
 12176 | Lair:1   | Reached skill level 12 in Spellcasting
 12272 | Lair:1   | Found the +1 cloak of Starlight {rElec rC+ EV+4 Stlth--}
 12390 | Lair:1   | Noticed vishdafish's ghost (journeyman DsFi)
 12400 | Lair:1   | Killed vishdafish's ghost
 12400 | Lair:1   | Reached XP level 11. HP: 62/62 MP: 0/29
 12910 | Lair:1   | Noticed a seven-headed hydra
 12917 | Lair:1   | Killed a seven-headed hydra
 12917 | Lair:1   | Reached skill level 1 in Shields
 14179 | Lair:2   | Found a staircase to the Shoals.
 14187 | Lair:2   | Noticed xccam's ghost (journeyman FoFi)
 14648 | Lair:2   | Reached skill level 13 in Spellcasting
 14983 | Lair:2   | Killed xccam's ghost
 14983 | Lair:2   | Reached skill level 5 in Fighting
 15256 | Lair:2   | Reached skill level 5 in Armour
 15688 | Lair:2   | Reached XP level 12. HP: 63/68 MP: 25/31
 15793 | Lair:2   | Noticed an eight-headed hydra
 16021 | Lair:2   | Found a staircase to the Snake Pit.
 16386 | Lair:2   | Killed an eight-headed hydra
 16673 | Lair:3   | Noticed an eight-headed hydra
 16676 | Lair:3   | Killed an eight-headed hydra
 16682 | Lair:3   | Noticed Gastronok
 16708 | Lair:3   | Noticed a five-headed hydra
 16712 | Lair:3   | Killed a five-headed hydra
 16854 | Lair:3   | Killed Gastronok
 16854 | Lair:3   | Reached skill level 14 in Spellcasting
 17640 | Lair:4   | Got a dazzling mace
 17641 | Lair:4   | Identified the +2 mace of Ushrikheal {drain, Int+2} (You found it on level 4 of the Lair of Beasts)
 17894 | Lair:4   | Noticed a five-headed hydra
 17898 | Lair:4   | Killed a five-headed hydra
 18304 | Lair:4   | Noticed a seven-headed hydra
 19119 | Lair:4   | Killed a seven-headed hydra
 19231 | Lair:5   | Noticed a death yak
 19231 | Lair:5   | Noticed a death yak
 19233 | Lair:5   | Noticed a death yak
 19234 | Lair:5   | Noticed a death yak
 19234 | Lair:5   | Killed a death yak
 19234 | Lair:5   | Reached XP level 13. HP: 74/74 MP: 26/33
 19424 | Lair:5   | Found a white marble altar of Elyvilon.
 19630 | Lair:5   | Reached skill level 15 in Spellcasting
 19965 | Lair:5   | Found a staircase to the Slime Pits.
 20617 | Lair:6   | Entered Level 6 of the Lair of Beasts
 20815 | Lair:6   | Reached skill level 10 in Fire Magic
 22009 | Lair:6   | Noticed a dire elephant
 22375 | Lair:6   | Reached skill level 10 in Dodging
 22746 | Lair:6   | Reached XP level 14. HP: 77/80 MP: 16/35
 22774 | Lair:6   | Reached skill level 10 in Conjurations
 23230 | Lair:6   | Reached skill level 5 in Shields
 23230 | Lair:6   | Reached skill level 16 in Spellcasting
 24069 | D:9      | Noticed Pikel
 24073 | D:9      | Killed Pikel
 24173 | D:9      | Got a shimmering mace
 24174 | D:9      | Identified the +9 mace of Yzanao Ytaj {freeze, Fragile rPois Stlth+} (You found it on level 9 of the Dungeon)
 24436 | D:9      | Found a radiant altar of Vehumet.
 24456 | D:9      | Became a worshipper of Vehumet
 24722 | D:10     | Entered Level 10 of the Dungeon
 24760 | D:10     | Noticed Harold
 24766 | D:10     | Killed Harold
 24964 | D:10     | Found a stormy altar of Qazlal.
 25451 | D:11     | Noticed Fannar
 25459 | D:11     | Killed Fannar
 25501 | D:11     | Noticed Nergalle
 25514 | D:11     | Reached * piety under Vehumet
 25514 | D:11     | Offered knowledge of Sandblast by Vehumet.
 25525 | D:11     | Killed Nergalle
 25943 | D:11     | Found a staircase to the Orcish Mines.
 25985 | D:11     | Offered knowledge of Freeze by Vehumet.
 25997 | D:11     | Reached ** piety under Vehumet
 26627 | Orc:1    | Entered Level 1 of the Orcish Mines
 27381 | Orc:2    | Entered Level 2 of the Orcish Mines
 27417 | Orc:2    | Noticed Maurice
 27706 | Orc:2    | Found a staircase to the Elven Halls.
 27724 | Orc:2    | Offered knowledge of Ignite Poison by Vehumet.
 27793 | Orc:2    | Learned a level 3 spell: Ignite Poison
 28347 | Orc:2    | Reached skill level 1 in Poison Magic
 28606 | Orc:2    | Reached *** piety under Vehumet
 29079 | Orc:2    | Found Betud's Assorted Antiques.
 29084 | Orc:2    | Found Zoigom's Assorted Antiques.
 29090 | Orc:2    | Found Xulokek's Magic Scroll Shoppe.
 29107 | Orc:2    | Found Dorrunaf's Distillery.
 29138 | Orc:2    | Bought a scroll of acquirement for 572 gold pieces
 29146 | Orc:2    | Bought a twisted silver ring for 140 gold pieces
 29146 | Orc:2    | Bought a pair of warped boots for 266 gold pieces
 29146 | Orc:2    | Bought a leatherbound book for 420 gold pieces
 29158 | Orc:2    | Got a clouded tin ring
 29160 | Orc:2    | Identified the ring of the Fifty Lies {MR+ Int-4 Slay+3 SInv Stlth+} (You acquired it on level 2 of the Orcish Mines)
 29177 | Orc:2    | Identified the +3 pair of boots of Zem Busi {Stlth+} (You bought it in a shop on level 2 of the Orcish Mines)
 29198 | Orc:2    | Paralysed by an orc sorcerer for 4 turns
 29319 | Orc:2    | Killed Maurice
 29330 | Orc:2    | Noticed an orc warlord
 29333 | Orc:2    | Offered knowledge of Throw Icicle by Vehumet.
 29509 | Orc:2    | Killed an orc warlord
 30299 | D:12     | Found a frozen archway.
 30314 | IceCv    | Entered an ice cave
 30431 | IceCv    | Learned a level 4 spell: Throw Icicle
 30438 | IceCv    | Reached **** piety under Vehumet
 30695 | IceCv    | Offered knowledge of Iskenderun's Battlesphere by Vehumet.
 31103 | D:12     | Reached skill level 1 in Ice Magic
 31103 | D:12     | Reached XP level 15. HP: 82/86 MP: 32/37
 31247 | D:12     | Noticed Erolcha
 31261 | D:12     | Killed Erolcha
 31766 | D:13     | Reached skill level 17 in Spellcasting
 31821 | D:13     | Reached ***** piety under Vehumet
 31823 | D:13     | Offered knowledge of Bolt of Draining by Vehumet.
 32926 | D:13     | Learned a level 3 spell: Mephitic Cloud
 33289 | D:14     | Reached skill level 1 in Air Magic
 34074 | D:14     | Found a sacrificial altar of Ru.
 34119 | D:14     | Found a gate to the Vaults.
 34564 | D:15     | Entered Level 15 of the Dungeon
 34624 | D:15     | Got an iridescent falchion
 34625 | D:15     | Identified the +10 falchion of Beogh {slice, rPois Dex+3} (You found it on level 15 of the Dungeon)
 35085 | D:15     | HP: 4/88 [orc sorcerer/bolt of fire (25)]
 35518 | D:15     | Found a staircase to the Depths.
 35677 | D:15     | Noticed Joseph
 35690 | D:15     | Killed Joseph
 36142 | Shoals:1 | Entered Level 1 of the Shoals
 36514 | Shoals:1 | Found Geppess's Magic Scroll Emporium.
 36542 | Shoals:1 | Bought a scroll of enchant armour for 112 gold pieces
 36542 | Shoals:1 | Bought a scroll of teleportation for 45 gold pieces
 36542 | Shoals:1 | Bought a scroll of teleportation for 45 gold pieces
 36542 | Shoals:1 | Bought a scroll of fog for 30 gold pieces
 36542 | Shoals:1 | Bought a scroll of fear for 52 gold pieces
 37245 | Shoals:2 | Reached XP level 16. HP: 45/93 MP: 17/39
 37991 | Shoals:2 | Reached skill level 18 in Spellcasting
 37995 | Shoals:2 | Offered knowledge of Conjure Ball Lightning by Vehumet.
 38683 | Shoals:3 | Reached skill level 5 in Poison Magic
 39501 | Shoals:3 | Reached skill level 5 in Ice Magic
 39774 | Snake:1  | Entered Level 1 of the Snake Pit
 40087 | Snake:1  | Offered knowledge of Venom Bolt by Vehumet.
 40309 | Snake:1  | Learned a level 5 spell: Venom Bolt
 40385 | Snake:1  | Got a fabulously ornate robe
 40396 | Snake:1  | Identified the +1 robe "Myless" {rElec MR+} (You found it on level 1 of the Snake Pit)
 41630 | Snake:2  | Noticed Aizul
 41651 | Snake:1  | Killed Aizul
 41651 | Snake:1  | Reached XP level 17. HP: 16/99 MP: 19/41
 42553 | Snake:2  | Reached skill level 5 in Air Magic
 42588 | Snake:2  | Reached skill level 19 in Spellcasting
 46268 | Snake:3  | Offered knowledge of Bolt of Magma by Vehumet.
 46275 | Snake:3  | Learned a level 5 spell: Bolt of Magma
 46304 | Snake:3  | Found a sacrificial altar of Ru.
 46477 | Snake:3  | Noticed Jorgrun
 46484 | Snake:3  | Noticed Donald
 46498 | Snake:3  | Killed Jorgrun
 47003 | Snake:3  | Killed Donald
 47015 | Snake:3  | Reached skill level 1 in Earth Magic
 48115 | Shoals:4 | Entered Level 4 of the Shoals
 48193 | Shoals:4 | Reached XP level 18. HP: 79/105 MP: 21/43
 48756 | Shoals:4 | Engulfed by a frost giant's freezing vapour

Vault maps used:
D:1:      scummos_arrival_forest
D:2:      first_ration, grunt_decor_cap, minmay_tall_x, uniq_sigmund,
          uniq_jessica
D:3:      cheibrodos_helix_gallery, uniq_grinder, uniq_natasha, uniq_ijyb
D:4:      serial_shops, nicolae_shop_overgrown_old_shop, serial_corexii_hall,
          corexii_hall_statues_x, corexii_hall_statues_deadend,
          corexii_hall_statues_x, corexii_hall_statues_x
D:5:      zin_purify, basic_altar, nicolae_ossuary_entry_monument,
          columned_hall_lemuel, uniq_eustachio, uniq_crazy_yiuf_cottage,
          uniq_edmund, uniq_duvessa
D:6:      serial_shops, nicolae_shop_stone, nicolae_zen_rock_garden,
          serial_bayou_ford_a, uniq_prince_ribbit1
D:7:      lemuel_coloured_pillars_altar, lemuel_round_altar,
          yredelemnul_forgotten_temple_becter, grunt_temple_overflow_open,
          temple_fountains, serial_shops,
          nicolae_shop_temple_entry_statues_fountains
D:8:      nicolae_ashenzari_panopticon, minmay_lair_entry_lava,
          lemuel_mausoleum_altar_kikubaaqudgha
D:9:      vehumet_statue, uniq_pikel
D:10:     basic_altar, uniq_harold
D:11:     hiddenorc2_lemuel, hangedman_stone_soup, uniq_fannar, uniq_nergalle
D:12:     portal_ice_cave_entry_pillars_1, uniq_erolcha
D:13:     minmay_lindwurm_lava
D:14:     erik_vaults_2, minmay_misc_feat_iff, basic_altar,
          minmay_strange_pillars
D:15:     hangedman_depths_entry_civil_slaughter, minivault_27,
          minmay_sticks_and_stones
Temple:   nicolae_temple_god_jail
Lair:1:   wad_woods_structure_01, beast_lair_carwin_5
Lair:2:   shoals_dummy_entry, minmay_snake_entry_six_corridors
Lair:3:   uniq_gastronok
Lair:4:   grunt_forest_large_clearings
Lair:5:   minmay_slime_entry_oklob_open, lemuel_centaur_altar
Lair:6:   evilmike_catoblepas_cave, hangedman_lair_generics_rect
Shoals:1: serial_shops, shop
Shoals:3: st_shoals_ruin
Shoals:4: shoals_end_grunt_ice, shoals_ilsuiw_ice
Snake:1:  st_stairs_12
Snake:2:  nicolae_aizul_guard, grunt_ministairs_5
Snake:3:  basic_altar, grunt_ministairs_14, stair_cage_line,
          serial_bayou_shore_a, uniq_donald, uniq_aizul, uniq_jorgrun
Orc:2:    st_orc_elflike, uniq_maurice
Ossuary:  ossuary_crypta
IceCv:    ice_cave_statue_garden_chambered

Skill      XL: |  1  2  3  4  5  6  7  8  9 10 11 12 13 14 15 16 17 18 |
---------------+-------------------------------------------------------+-----
Spellcasting   | 4 6 7 8 9 11 12 13 14 15 16 17 18 19 | 19.7
Conjurations   | 2 3 4 5 6 7 8 9 10 11 12 | 12.7
Fire Magic     | 4 5 6 7 8 9 10 11 12 13 | 13.0
Fighting       | 1 2 3 4 5 6 7 8 9 |  9.3
Short Blades   | 1 2 4 5 6 7 8 9 |  9.1
Dodging        | 3 4 5 6 7 9 10 11 | 11.0
Armour         | 1 2 3 4 5 6 7 8 9 |  9.3
Shields        | 2 3 4 5 6 7 8 |  8.2
Poison Magic   | 2 4 6 7 |  7.6
Ice Magic      | 1 3 5 7 |  7.3
Air Magic      | 2 4 6 |  6.2
Earth Magic    | 1 2 |  2.2
Stealth        | |  2.4

Action                   |  1- 3 |  4- 6 |  7- 9 | 10-12 | 13-15 | 16-18 || total
-------------------------+-------+-------+-------+-------+-------+-------++-------
Melee: Dagger            |    16 |    10 |    91 |    46 |       |       ||   163
       Whip              |       |       |    44 |   239 |       |       ||   283
       Headbutt          |       |       |       |    34 |    85 |    35 ||   154
       Mace              |       |       |       |    39 |   488 |       ||   527
       Falchion          |       |       |       |       |    39 |   196 ||   235
Throw: Throwing net      |       |       |       |       |     1 |       ||     1
 Cast: Flame Tongue      |    68 |    33 |   182 |   313 |   290 |    49 ||   935
       Throw Flame       |     2 |     1 |    16 |    69 |    48 |     8 ||   144
       Conjure Flame     |       |     3 |     5 |    10 |    16 |     5 ||    39
       Sticky Flame      |       |     4 |    25 |    60 |   192 |    71 ||   352
       Inner Flame       |       |     2 |     2 |     7 |    18 |     1 ||    30
       Fireball          |       |       |     8 |    61 |   192 |   253 ||   514
       Throw Icicle      |       |       |       |       |    13 |    21 ||    34
       Venom Bolt        |       |       |       |       |       |    16 ||    16
       Mephitic Cloud    |       |       |       |       |       |     4 ||     4
       Bolt of Magma     |       |       |       |       |       |    44 ||    44
       Ignite Poison     |       |       |       |       |       |     1 ||     1
 Abil: Evoke Flight      |       |       |       |       |     1 |       ||     1
Evoke: Wand              |       |       |       |       |     7 |     2 ||     9
  Use: Scroll            |     3 |     6 |     9 |    14 |    26 |    13 ||    71
       Potion            |       |     1 |     4 |     5 |     4 |     4 ||    18
 Stab: Sleeping          |     4 |     1 |     8 |     9 |     4 |     3 ||    29
       Distracted        |       |       |       |       |     1 |     2 ||     3
  Eat: Chunk             |     2 |     5 |    10 |    13 |    29 |     4 ||    63
       Ration            |       |       |     3 |     7 |     8 |     9 ||    27
Armor: Robe              |     6 |     5 |    21 |    52 |   152 |    76 ||   312
       Skin              |     3 |       |       |       |       |       ||     3
Dodge: Dodged            |    43 |    16 |   132 |   353 |   806 |   290 ||  1640
Block: Buckler           |       |       |       |    19 |   241 |       ||   260
       Large shield      |       |       |       |       |    43 |   312 ||   355
       Shield            |       |       |       |       |     1 |    34 ||    35
       Reflection        |       |       |       |       |       |    12 ||    12
       Rpst.: Falchion   |       |       |       |       |     5 |    61 ||    66

Table legend:
 A = Spawn XP
 B = Non-spawn XP
 C = Spawn XP percentage of total XP
 D = Spawn monster count
 E = Non-spawn monster count
 F = Spawn count percentage of total count
 G = Total turns spent on level
                    A         B        C        D         E        F      G
               +---------+---------+-------+---------+---------+-------+---------
         Total |       0 |  302581 |   0.0 |       0 |    1034 |   0.0 | 48756
               +---------+---------+-------+---------+---------+-------+---------
           D:1 |       0 |      32 |   0.0 |       0 |      19 |   0.0 |  1349
           D:2 |       0 |     361 |   0.0 |       0 |      31 |   0.0 |  1482
           D:3 |       0 |     583 |   0.0 |       0 |      35 |   0.0 |  1605
           D:4 |       0 |     631 |   0.0 |       0 |      24 |   0.0 |   783
           D:5 |       0 |     976 |   0.0 |       0 |      10 |   0.0 |  1435
           D:6 |       0 |    1605 |   0.0 |       0 |      30 |   0.0 |   939
           D:7 |       0 |    2065 |   0.0 |       0 |      30 |   0.0 |  1677
           D:8 |       0 |    2528 |   0.0 |       0 |      36 |   0.0 |  2424
           D:9 |       0 |    3102 |   0.0 |       0 |      17 |   0.0 |   839
          D:10 |       0 |    2303 |   0.0 |       0 |      22 |   0.0 |   683
          D:11 |       0 |    5608 |   0.0 |       0 |      63 |   0.0 |  1378
          D:12 |       0 |    6546 |   0.0 |       0 |      38 |   0.0 |   888
          D:13 |       0 |   10281 |   0.0 |       0 |      33 |   0.0 |  1105
          D:14 |       0 |   17738 |   0.0 |       0 |      41 |   0.0 |  1953
          D:15 |       0 |   11821 |   0.0 |       0 |      31 |   0.0 |  1117
        Lair:1 |       0 |    7029 |   0.0 |       0 |      24 |   0.0 |  3106
        Lair:2 |       0 |    8216 |   0.0 |       0 |      33 |   0.0 |  1789
        Lair:3 |       0 |    5364 |   0.0 |       0 |      11 |   0.0 |  1344
        Lair:4 |       0 |    7930 |   0.0 |       0 |      38 |   0.0 |  1349
        Lair:5 |       0 |   11068 |   0.0 |       0 |      23 |   0.0 |  2153
        Lair:6 |       0 |   23875 |   0.0 |       0 |      63 |   0.0 |  2363
      Shoals:1 |       0 |    4438 |   0.0 |       0 |       9 |   0.0 |  1452
      Shoals:2 |       0 |   13893 |   0.0 |       0 |      28 |   0.0 |  1080
      Shoals:3 |       0 |   25029 |   0.0 |       0 |      47 |   0.0 |  1428
      Shoals:4 |       0 |   18192 |   0.0 |       0 |      34 |   0.0 |   316
       Snake:1 |       0 |   28036 |   0.0 |       0 |      50 |   0.0 |  2474
       Snake:2 |       0 |   35479 |   0.0 |       0 |      59 |   0.0 |  3163
       Snake:3 |       0 |   30882 |   0.0 |       0 |      49 |   0.0 |  2623
         Orc:1 |       0 |    1095 |   0.0 |       0 |      21 |   0.0 |  1014
         Orc:2 |       0 |   12439 |   0.0 |       0 |      60 |   0.0 |  2376
       Ossuary |       0 |     185 |   0.0 |       0 |      14 |   0.0 |   360
         IceCv |       0 |    3251 |   0.0 |       0 |      11 |   0.0 |   655
               +---------+---------+-------+---------+---------+-------+---------
